APL (24 & UNDER)
BEAVERTON BRONZE SOULS @ STATE COLLEGE SPIKES
06/02/2027
 
TOP OF THE 1ST
Beaverton Bronze Souls batting - Pitching for State College Spikes : LHP Sean Perry
Pitching: LHP Sean Perry
Batting: RHB Chris Hall 0-0: Ball
1-0: Ball
2-0: SINGLE (Line Drive, 5)
Batting: RHB Rusty Anderson 0-0: Ball
1-0: Called Strike
1-1: Ball
2-1: Called Strike
2-2: Strikes out swinging
Batting: LHB Chance Santry 0-0: Ball
1-0: Ball
2-0: Called Strike
2-1: Foul Ball, location: 2F
2-2: Fly out, F8 (Flyball, 8LD)
Runner from 1st tags up, SAFE at 2nd
Batting: RHB Carlos Guevara 0-0: Called Strike
0-1: Foul Ball, location: 2F
0-2: Strikes out looking
Top of the 1st over - 0 run(s), 1 hit(s), 0 error(s), 1 left on base; Beaverton 0 - State College 0
BOTTOM OF THE 1ST
State College Spikes batting - Pitching for Beaverton Bronze Souls : LHP Ramón Rodríguez
Pitching: LHP Ramón Rodríguez
Batting: RHB Nick Mackin 0-0: Ball
1-0: SINGLE (Groundball, 34D)
Batting: RHB Javier Peña 0-0: Ball
1-0: Called Strike
1-1: SINGLE (Groundball, 6D)
Nick Mackin to second
Batting: RHB Blair Whitehead 0-0: Foul Ball, location: 2F
0-1: Foul Ball, location: 2F
0-2: Ball
1-2: Ball
2-2: Ball
3-2: Foul Ball, location: 2F
3-2: SINGLE (Line Drive, 34D)
Nick Mackin to third
Javier Peña to second
Batting: RHB Mike Ingram 0-0: Called Strike
0-1: Ball
1-1: Swinging Strike
1-2: Strikes out swinging
Batting: RHB Alonzo Herrera 0-0: Foul Ball, location: 2F
0-1: Foul Ball, location: 2F
0-2: Foul Ball, location: 2F
0-2: Ball
1-2: Fielders Choice at 2nd, 4-6 (Groundball, 4)
Nick Mackin scores
Javier Peña to third
Batting: RHB Scott Lee 0-0: Foul Ball, location: 2F
0-1: Ball
1-1: Fielders Choice at 2nd, 4-6 (Groundball, 34)
Bottom of the 1st over - 1 run(s), 3 hit(s), 0 error(s), 1 left on base; Beaverton 0 - State College 1
TOP OF THE 2ND
Beaverton Bronze Souls batting - Pitching for State College Spikes : LHP Sean Perry
Batting: LHB Cristóbal Gómez 0-0: Called Strike
0-1: Ball
1-1: Ball
2-1: Ball
3-1: Swinging Strike
3-2: Strikes out looking
Batting: RHB David Kerr 0-0: Ground out 6-3 (Groundball, 6)
Batting: RHB Joe Brinkman 0-0: Foul Ball, location: 2F
0-1: SINGLE (Groundball, 6MD)
Batting: RHB Carlos Carrillo 0-0: Ball
1-0: Ball
2-0: Swinging Strike
2-1: Fielders Choice at 2nd, 4-6 (Groundball, 4)
Top of the 2nd over - 0 run(s), 1 hit(s), 0 error(s), 0 left on base; Beaverton 0 - State College 1
BOTTOM OF THE 2ND
State College Spikes batting - Pitching for Beaverton Bronze Souls : LHP Ramón Rodríguez
Batting: RHB Matt Tucker 0-0: Foul Ball, location: 2F
0-1: Ball
1-1: Ball
2-1: Ball
3-1: Called Strike
3-2: Base on Balls
Batting: SHB Greg Butterfield 0-0: Swinging Strike
0-1: Ball
1-1: Ball
2-1: Ground out 4-3 (Groundball, 4MS)
Matt Tucker to second
Batting: RHB Diego Benítez 0-0: Ball
1-0: Ball
2-0: Called Strike
2-1: Foul Ball, location: 2F
2-2: Strikes out looking
Batting: RHB Nick Mackin 0-0: Ball
1-0: SINGLE (Flyball, 8LS)
Matt Tucker to third
Runner from 3rd tries for Home, SAFE, no throw
Batting: RHB Javier Peña 0-0: Ball
Nick Mackin steals 2nd base
1-0: Foul Ball, location: 2F
1-1: Ball
2-1: Ground out 6-3 (Groundball, 6M)
Bottom of the 2nd over - 1 run(s), 1 hit(s), 0 error(s), 1 left on base; Beaverton 0 - State College 2
TOP OF THE 3RD
Beaverton Bronze Souls batting - Pitching for State College Spikes : LHP Sean Perry
Batting: SHB Alberto Sandoval 0-0: Ball
1-0: Ball
2-0: SINGLE (Flyball, 7S)
Batting: RHB Chris Hall 0-0: Ball
1-0: Called Strike
1-1: Ball
2-1: Ball
3-1: Called Strike
3-2: Grounds into double play, 6-4-3 (Groundball, 6)
Batting: RHB Rusty Anderson 0-0: Ball
1-0: Reached on error, E6 (Groundball, 56)
Batting: LHB Chance Santry 0-0: Ball
1-0: Foul Ball, location: 2F
1-1: Fly out, F4 (Popup, 3D)
Top of the 3rd over - 0 run(s), 1 hit(s), 1 error(s), 1 left on base; Beaverton 0 - State College 2
BOTTOM OF THE 3RD
State College Spikes batting - Pitching for Beaverton Bronze Souls : LHP Ramón Rodríguez
Batting: RHB Blair Whitehead 0-0: SOLO HOME RUN (Flyball, 7D), Distance : 416 ft
Batting: RHB Mike Ingram 0-0: Ball
1-0: Ground out 6-3 (Groundball, 6)
Pitching: LHP Luis Carbajal
Batting: RHB Alonzo Herrera 0-0: Called Strike
0-1: Ball
1-1: Foul Ball, location: 2F
1-2: DOUBLE (Line Drive, 89M)
Batting: RHB Scott Lee 0-0: Ball
Alonzo Herrera steals 3rd base
1-0: Ball
2-0: DOUBLE (Flyball, 89D)
Alonzo Herrera scores
Batting: RHB Matt Tucker 0-0: Called Strike
0-1: Ball
1-1: Ball
2-1: Ball
3-1: Base on Balls
Batting: SHB Greg Butterfield 0-0: Ball
1-0: Ball
2-0: Called Strike
2-1: Ball
3-1: Foul Ball, location: 2F
3-2: SINGLE (Line Drive, 56D)
Scott Lee to third
Matt Tucker to second
Runner from 3rd tries for Home, SAFE, no throw
Batting: RHB Diego Benítez 0-0: Ball
1-0: Ball
Matt Tucker steals 3rd base
Greg Butterfield to second
2-0: Ball
3-0: Called Strike
3-1: Base on Balls
Batting: RHB Nick Mackin 0-0: Ball
1-0: Ball
2-0: Called Strike
2-1: Ball
3-1: SINGLE (Line Drive, 9S)
Matt Tucker scores
Greg Butterfield to third
Diego Benítez to second
Runner from 3rd tries for Home, throw and OUT!
Diego Benítez to third
Nick Mackin to second
Pitching: RHP Joe Bailey
Batting: RHB Javier Peña 0-0: Foul Ball, location: 2F
0-1: Ball
1-1: Foul Ball, location: 2F
1-2: SINGLE (Line Drive, 6MD)
Diego Benítez scores
Nick Mackin to third
Runner from 3rd tries for Home, SAFE, no throw
Batting: RHB Blair Whitehead 0-0: Ball
1-0: Ball
2-0: Ball
3-0: Called Strike
3-1: Called Strike
3-2: Foul Ball, location: 2F
3-2: Ground out 5-3 (Groundball, 56)
Bottom of the 3rd over - 6 run(s), 6 hit(s), 0 error(s), 1 left on base; Beaverton 0 - State College 8
TOP OF THE 4TH
Beaverton Bronze Souls batting - Pitching for State College Spikes : LHP Sean Perry
Batting: RHB Carlos Guevara 0-0: Ball
1-0: SINGLE (Line Drive, 7S)
Batting: LHB Cristóbal Gómez 0-0: Ball
1-0: Foul Ball, location: 2F
1-1: Ball
2-1: Called Strike
2-2: Strikes out swinging
Pitching: RHP Donnie Jackson
Batting: RHB David Kerr 0-0: Ball
1-0: 2-RUN HOME RUN (Flyball, 78XD), Distance : 422 ft
Batting: RHB Joe Brinkman 0-0: Foul Ball, location: 2F
0-1: Foul Ball, location: 2F
0-2: Ball
1-2: Strikes out swinging
Batting: RHB Carlos Carrillo 0-0: Called Strike
0-1: Swinging Strike
0-2: Ball
1-2: Ground out 6-3 (Groundball, 6)
Top of the 4th over - 2 run(s), 2 hit(s), 0 error(s), 0 left on base; Beaverton 2 - State College 8
BOTTOM OF THE 4TH
State College Spikes batting - Pitching for Beaverton Bronze Souls : RHP Joe Bailey
Batting: RHB Mike Ingram 0-0: Foul Ball, location: 2F
0-1: Ball
1-1: Foul Ball, location: 2F
1-2: Ball
2-2: DOUBLE (Flyball, 8LM)
Batting: RHB Alonzo Herrera 0-0: Called Strike
0-1: SINGLE (Groundball, 23) (infield hit)
Mike Ingram to third
Batting: RHB Scott Lee 0-0: Ball
1-0: Called Strike
1-1: Ball
2-1: Called Strike
2-2: Strikes out looking
Batting: RHB Matt Tucker 0-0: Ball
1-0: Called Strike
Alonzo Herrera steals 2nd base
1-1: Ball
2-1: Ball
3-1: Called Strike
3-2: Strikes out swinging
Batting: SHB Greg Butterfield 0-0: SINGLE (Groundball, 4MD)
Mike Ingram scores
Alonzo Herrera to third
Runner from 3rd tries for Home, SAFE, no throw
Batting: RHB Diego Benítez 0-0: Called Strike
0-1: Ball
1-1: Foul Ball, location: 2F
1-2: Ball
2-2: Fly out, F8 (Flyball, 78M)
Bottom of the 4th over - 2 run(s), 3 hit(s), 0 error(s), 1 left on base; Beaverton 2 - State College 10
TOP OF THE 5TH
Beaverton Bronze Souls batting - Pitching for State College Spikes : RHP Donnie Jackson
Batting: SHB Alberto Sandoval 0-0: Ball
1-0: Ball
2-0: Ball
3-0: Base on Balls
Batting: RHB Chris Hall 0-0: Foul Ball, location: 2F
0-1: Called Strike
0-2: Fly out, F7 (Flyball, 7S)
Batting: RHB Rusty Anderson 0-0: Ball
1-0: Foul Ball, location: 2F
1-1: Swinging Strike
1-2: Strikes out swinging
Batting: LHB Chance Santry 0-0: Ball
1-0: Called Strike
1-1: Fielders Choice at 2nd, 5-4 (Groundball, 56)
Top of the 5th over - 0 run(s), 0 hit(s), 0 error(s), 0 left on base; Beaverton 2 - State College 10
BOTTOM OF THE 5TH
State College Spikes batting - Pitching for Beaverton Bronze Souls : RHP Joe Bailey
Batting: RHB Nick Mackin 0-0: Ball
1-0: Ball
2-0: Ball
3-0: Base on Balls
Batting: RHB Javier Peña 0-0: Called Strike
0-1: Foul Ball, location: 2F
0-2: Ball
1-2: Ball
2-2: Foul Ball, location: 2F
2-2: SINGLE (Line Drive, 4D)
Nick Mackin to second
Batting: RHB Blair Whitehead 0-0: Ball
1-0: Foul Ball, location: 2F
1-1: SINGLE (Line Drive, 9S)
Nick Mackin to third
Javier Peña to second
Batting: RHB Mike Ingram 0-0: Fly out, F4 (Line Drive, 4)
Lined into DP, 4-3 (Line Drive, 4)
Batting: RHB Alonzo Herrera 0-0: Called Strike
0-1: Fly out, F8 (Flyball, 8LM)
Bottom of the 5th over - 0 run(s), 2 hit(s), 0 error(s), 2 left on base; Beaverton 2 - State College 10
TOP OF THE 6TH
Beaverton Bronze Souls batting - Pitching for State College Spikes : RHP Donnie Jackson
Batting: RHB Carlos Guevara 0-0: Called Strike
0-1: SINGLE (Groundball, 4MD)
Batting: LHB Cristóbal Gómez 0-0: Ball
1-0: Ball
2-0: Ball
3-0: Called Strike
3-1: Base on Balls
Carlos Guevara to second
Batting: RHB David Kerr 0-0: Called Strike
0-1: Ball
1-1: Fly out, F7 (Line Drive, 7S)
Batting: RHB Joe Brinkman 0-0: Ball
1-0: Ball
2-0: Foul Ball, location: 2F
2-1: Ball
3-1: Swinging Strike
3-2: Foul Ball, location: 2F
3-2: Strikes out swinging
Batting: RHB Carlos Carrillo 0-0: Ball
1-0: Called Strike
1-1: Foul Ball, location: 2F
1-2: Strikes out swinging
Top of the 6th over - 0 run(s), 1 hit(s), 0 error(s), 2 left on base; Beaverton 2 - State College 10
BOTTOM OF THE 6TH
State College Spikes batting - Pitching for Beaverton Bronze Souls : RHP Joe Bailey
Batting: RHB Scott Lee 0-0: Ball
1-0: Called Strike
1-1: Foul Ball, location: 2F
1-2: Foul Ball, location: 2F
1-2: Ball
2-2: SINGLE (Groundball, 34D)
Batting: RHB Matt Tucker 0-0: Ball
1-0: Called Strike
1-1: Swinging Strike
1-2: Ball
2-2: Strikes out swinging
Pitching: LHP Gabriel Rodríguez
Batting: SHB Greg Butterfield 0-0: Ball
1-0: Foul Ball, location: 2F
1-1: Ball
2-1: Ball
3-1: Ground out 6-3 (Groundball, 6S)
Scott Lee to second
Batting: RHB Diego Benítez 0-0: Called Strike
0-1: Swinging Strike
0-2: Foul Ball, location: 2F
0-2: Foul Ball, location: 2F
0-2: Strikes out swinging
Bottom of the 6th over - 0 run(s), 1 hit(s), 0 error(s), 1 left on base; Beaverton 2 - State College 10
TOP OF THE 7TH
Beaverton Bronze Souls batting - Pitching for State College Spikes : RHP Donnie Jackson
Pitching: RHP Willis Springer
Batting: SHB Alberto Sandoval 0-0: Called Strike
0-1: Ball
1-1: Foul Ball, location: 2F
1-2: Ball
2-2: Foul Ball, location: 2F
2-2: Ball
3-2: Strikes out swinging
Batting: RHB Chris Hall 0-0: Ball
1-0: Called Strike
1-1: Fly out, F9 (Flyball, 9)
Batting: RHB Rusty Anderson 0-0: Called Strike
0-1: Foul Ball, location: 2F
0-2: Strikes out swinging
Top of the 7th over - 0 run(s), 0 hit(s), 0 error(s), 0 left on base; Beaverton 2 - State College 10
BOTTOM OF THE 7TH
State College Spikes batting - Pitching for Beaverton Bronze Souls : LHP Gabriel Rodríguez
Batting: RHB Nick Mackin 0-0: Called Strike
0-1: Ground out 4-3 (Groundball, 4)
Batting: RHB Javier Peña 0-0: Called Strike
0-1: Called Strike
0-2: Ground out 5-3 (Groundball, 56)
Batting: RHB Blair Whitehead 0-0: Ball
1-0: Ground out 6-3 (Groundball, 6)
Bottom of the 7th over - 0 run(s), 0 hit(s), 0 error(s), 0 left on base; Beaverton 2 - State College 10
TOP OF THE 8TH
Beaverton Bronze Souls batting - Pitching for State College Spikes : RHP Willis Springer
Batting: LHB Chance Santry 0-0: Ball
1-0: Called Strike
1-1: Called Strike
1-2: Foul Ball, location: 2F
1-2: Ball
2-2: Foul Ball, location: 2F
2-2: Ball
3-2: Base on Balls
Batting: RHB Carlos Guevara 0-0: Called Strike
0-1: Swinging Strike
0-2: Ball
1-2: Strikes out swinging
Batting: LHB Cristóbal Gómez 0-0: Ball
1-0: Foul Ball, location: 2F
1-1: Swinging Strike
1-2: Ball
2-2: Ball
3-2: Base on Balls
Chance Santry to second
Batting: RHB David Kerr 0-0: Ball
1-0: Called Strike
1-1: Called Strike
1-2: Foul Ball, location: 2F
1-2: Foul Ball, location: 2F
1-2: Ball
2-2: Strikes out swinging
Batting: RHB Joe Brinkman 0-0: Ball
1-0: Called Strike
1-1: Foul Ball, location: 2F
1-2: Strikes out swinging
Top of the 8th over - 0 run(s), 0 hit(s), 0 error(s), 2 left on base; Beaverton 2 - State College 10
BOTTOM OF THE 8TH
State College Spikes batting - Pitching for Beaverton Bronze Souls : LHP Gabriel Rodríguez
Batting: RHB Mike Ingram 0-0: Called Strike
0-1: Ball
1-1: Foul Ball, location: 2F
1-2: Strikes out swinging
Batting: RHB Alonzo Herrera 0-0: Called Strike
0-1: Foul Ball, location: 2F
0-2: Ball
1-2: Ground out 4-3 (Groundball, 4)
Batting: RHB Scott Lee 0-0: Called Strike
0-1: Called Strike
0-2: Ball
1-2: Foul Ball, location: 2F
1-2: Ball
2-2: Strikes out swinging
Bottom of the 8th over - 0 run(s), 0 hit(s), 0 error(s), 0 left on base; Beaverton 2 - State College 10
TOP OF THE 9TH
Beaverton Bronze Souls batting - Pitching for State College Spikes : RHP Willis Springer
Pitching: RHP Bryan Glover
Batting: RHB Carlos Carrillo 0-0: Ball
1-0: Called Strike
1-1: Swinging Strike
1-2: Ball
2-2: Strikes out swinging
Batting: SHB Alberto Sandoval 0-0: Called Strike
0-1: Ball
1-1: Ball
2-1: Foul Ball, location: 2F
2-2: Ball
3-2: Foul Ball, location: 2F
3-2: Strikes out swinging
Batting: RHB Chris Hall 0-0: Ball
1-0: Called Strike
1-1: Ground out 6-3 (Groundball, 6)
Top of the 9th over - 0 run(s), 0 hit(s), 0 error(s), 0 left on base; Beaverton 2 - State College 10
Thursday, March 30th, 2017 - OOTP Baseball 17.12 Build 75